 Dungeon Crawl Stone Soup version 0.30.1-3-gfc49f6343a (webtiles) character file.

Game seed: 13677923687402490769

341 Kranky the Poker (level 6, -17/56 HPs)
             Began as a Minotaur Berserker on Aug 3, 2023.
             Was a Priest of Trog.
             Demolished by Menkaure (18 damage)
             ... on level 4 of the Dungeon.
             The game lasted 00:03:33 (3357 turns).

Kranky the Poker (Minotaur Berserker)               Turns: 3357, Time: 00:03:33

Health: -17/56     AC:  9    Str: 23    XL:     6   Next: 30%
Magic:  0/5        EV:  9    Int:  4    God:    Trog [***...]
Gold:   235        SH:  0    Dex: 10    Spells: 5/5 levels left

rFire   + . .        f - +3 dagger (venom)
rCold   . . .        (no shield)
rNeg    . . .        r - +0 chain mail
rPois   .            (helmet restricted)
rElec   .            (no cloak)
rCorr   .            (no gloves)
SInv    .            (no boots)
Will    .....        t - amulet of guardian spirit Stlth
                     s - ring of protection from fire
HPRegen 0.29/turn    (no ring)
MPRegen 0.09/turn

%: guardian spirit
@: no status effects
A: horns 2, retaliatory headbutt
a: Renounce Religion, Berserk, Trog's Hand


You were on level 4 of the Dungeon.
You worshipped Trog.
Trog was most pleased with you.
You visited 1 branch of the dungeon, and saw 4 of its levels.

You collected 235 gold pieces.

Inventory:

Hand Weapons
 a - a +0 spear
 f - a +3 dagger of venom (weapon)
Armour
 b - a +0 animal skin
 r - a +0 chain mail (worn)
Jewellery
 s - a ring of protection from fire (left hand)
 t - an amulet of guardian spirit (around neck)
Scrolls
 d - a scroll of fog {unknown}
 g - 2 scrolls of teleportation {unknown}
 i - 2 scrolls of acquirement {unknown}
 m - a scroll of poison {unknown}
 o - 2 scrolls of fear {unknown}
 p - a scroll of enchant weapon {unknown}
 u - a scroll of vulnerability {unknown}
Potions
 c - a potion of degeneration {unknown}
 e - a potion of flight {unknown}
 h - a potion of berserk rage {unknown}
 j - a potion of curing {unknown}
 k - a potion of heal wounds {unknown}
 l - a potion of magic {unknown}
 n - a potion of brilliance {unknown}
 q - 2 potions of invisibility {unknown}
 v - a potion of might {unknown}
 w - 2 potions of attraction {unknown}


   Skills:
 + Level 5.3 Fighting
 + Level 5.3 Polearms
 + Level 4.5 Armour
 + Level 4.1 Dodging


You had 5 spell levels left.
You didn't know any spells.
Your spell library was empty.

Dungeon Overview and Level Annotations

Branches:
Dungeon (4/15)
 Temple: D:4-7

Altars:
Qazlal
Xom

Annotations:
D:4 Menkaure


Innate Abilities, Weirdness & Mutations

You have a pair of horns on your head.
You reflexively headbutt those who attack you in melee.


Message History

Key pressed, stopping explore.
No target in view!
i - 2 scrolls labelled POREPTYRYM (gained 1)
Found a book of Dreams.
No target in view!
Found a club.
No target in view!
w - 2 dark potions No target in view!
Menkaure, Prince of Dust comes into view.
Menkaure is nearby!
Menkaure calls on the powers of darkness!
Your body is wracked with pain!
Menkaure is nearby!
You see here a +0 club.
Menkaure is nearby!
Menkaure gestures at you while chanting.
Pain shoots through your body!
You are too injured to fight recklessly!
You are too injured to fight recklessly!
You are too injured to fight recklessly!
You hit Menkaure but do no damage. Menkaure hits you.
You hit Menkaure. You headbutt Menkaure.
Menkaure is moderately damaged.
You hit Menkaure. You headbutt Menkaure!
Menkaure is almost destroyed.
Menkaure hits you but does no damage.
You barely miss Menkaure.
Menkaure is almost destroyed.
Menkaure calls on the powers of darkness!
Your body is wracked with pain!
* * * LOW HITPOINT WARNING * * *
You hit Menkaure.
Menkaure is almost destroyed.
Menkaure hits you!!
* * * LOW HITPOINT WARNING * * *
You hit Menkaure but do no damage.
Menkaure is almost destroyed.
Menkaure hits you!!
You die...

.....##### #######.##### #####
....## ### ....# #..## #..##
#...## #....#### ### #
........###########.#############
...............M@)...............
.....########.......:............
.....# ####.................
.....## #############.....
......# ##.... .###..## #.... .
##.)## #.... ###.## #...# ##.###
#...#


You could see Menkaure.

Vanquished Creatures
  A black bear (D:4)
  A phantom (D:4)
  An iguana (D:4)
  6 adders
  A shadow imp (D:4)
  2 dart slugs (D:3)
  An orc (D:4)
  8 endoplasms
  5 giant cockroaches
  9 goblins
  5 hobgoblins
  7 jackals (D:1)
  3 quokkas
  8 ball pythons
  4 bats
  2 frilled lizards
  11 kobolds
  9 rats
84 creatures vanquished.

Notes
Turn   | Place    | Note
-------+----------+-------------------------------------------
     0 | D:1      | Kranky the Minotaur Berserker began the quest for the Orb.
     0 | D:1      | Reached XP level 1. HP: 19/19 MP: 0/0
    84 | D:1      | Reached XP level 2. HP: 20/27 MP: 1/1
   497 | D:1      | Reached ** piety under Trog
   501 | D:1      | Reached XP level 3. HP: 30/33 MP: 2/2
  1481 | D:2      | Reached XP level 4. HP: 17/41 MP: 3/3
  2228 | D:3      | Found a faded altar of an unknown god.
  2726 | D:3      | Reached *** piety under Trog
  2734 | D:3      | Found a shimmering altar of Xom.
  2935 | D:4      | Noticed a black bear
  2943 | D:4      | Killed a black bear
  2944 | D:4      | Reached skill level 5 in Fighting
  2944 | D:4      | Reached skill level 5 in Polearms
  2944 | D:4      | Reached XP level 5. HP: 38/48 MP: 2/4
  3074 | D:4      | Noticed a fire elemental
  3077 | D:4      | Found a stormy altar of Qazlal.
  3079 | D:4      | Noticed an air elemental
  3080 | D:4      | Noticed a water elemental
  3097 | D:4      | Noticed a phantom
  3112 | D:4      | Killed a phantom
  3113 | D:4      | Reached XP level 6. HP: 43/56 MP: 3/5
  3347 | D:4      | Noticed Menkaure
  3356 | D:4      | HP: 1/56 [Menkaure (16)]
  3357 | D:4      | Demolished by Menkaure

Illustrated notes

Levels and vault maps discovered:
D:1:      dpeg_arrival_court, layout_basic
D:2:      layout_loops_corners
D:3:      layout_basic, xom_teletrap_fun, hellmonk_ecumenical_altar_zigzags
D:4:      layout_layer_cave, nicolae_qazlal_style_of_elements,
          minmay_close_crescents, uniq_menkaure

Skill      XL: |  1  2  3  4  5 |
---------------+----------------+-----
Polearms       | 4 5 |  5.3
Fighting       | 4 5 |  5.3
Armour         | 3 4 |  4.5
Dodging        | 3 4 |  4.1

Action                     |  1- 3 |  4- 6 || total
---------------------------+-------+-------++-------
  Melee: Spear             |    16 |       ||    16
         Headbutt          |    20 |    18 ||    38
         Punch             |     1 |     1 ||     2
         Dagger            |    98 |   104 ||   202
   Stab: Sleeping          |       |     1 ||     1
 Armour: Animal skin       |    26 |     6 ||    32
         Chain mail        |       |    40 ||    40
  Dodge: Dodged            |    82 |    48 ||   130
